 Dungeon Crawl Stone Soup version 0.25-a0-528-g6b7c99946c (webtiles) character file.

Game seed: 6568435930721020645, levelgen mode: classic

2381 EnegeticOcto the Chopper (level 9, 52/85 HPs)
             Began as a Deep Dwarf Fighter on Feb 19, 2020.
             Quit the game in the Ecumenical Temple.
             The game lasted 00:02:16 (2750 turns).

EnegeticOcto the Chopper (Deep Dwarf Fighter)       Turns: 2750, Time: 00:02:17

Health: 52/85      AC: 14    Str: 22    XL:     9   Next: 22%
Magic:  2/2        EV:  7    Int: 10    God:
Gold:   158        SH: 10    Dex: 12    Spells: 8/8 levels left

rFire    . . .     SeeInvis .   a - +0 war axe
rCold    . . .     Gourm    .   c - +0 kite shield
rNeg     . . .     Faith    .   n - +0 plate armour
rPois    .         Spirit   .   (no helmet)
rElec    .         Reflect  .   (no cloak)
rCorr    .         Harm     .   h - +0 pair of gloves
MR       +....                  (no boots)
Stlth    ..........             (no amulet)
HPRegen  0.00/turn              (no ring)
MPRegen  0.08/turn              (no ring)

@: non-regenerating
A: damage resistance, heal wounds, sense surroundings 2, no regeneration
a: Heal Wounds


You were in the Ecumenical Temple.
You were near starving.

You visited 2 branches of the dungeon, and saw 8 of its levels.

You collected 158 gold pieces.

Inventory:

Hand Weapons
 a - a +0 war axe (weapon)
Armour
 c - a +0 kite shield (worn)
 h - a +0 pair of gloves (worn)
 n - a +0 plate armour (worn)
Wands
 l - a wand of polymorph (3)
 r - a wand of disintegration (17)
Scrolls
 d - a scroll of blinking {unknown}
 f - 4 scrolls of immolation {unknown}
 g - a scroll of fog {unknown}
 m - 3 scrolls of remove curse {unknown}
 o - 3 scrolls of teleportation {unknown}
 q - a scroll of identify {unknown}
 s - a scroll of enchant weapon {unknown}
 t - a scroll of torment {unknown}
 u - a scroll of fear {unknown}
 w - a scroll of noise {unknown}
Potions
 b - a potion of curing {unknown}
 i - 2 potions of berserk rage {unknown}
 j - 2 potions of stabbing {unknown}
 k - a potion of might {@q3}
 v - a potion of haste {unknown}
Comestibles
 e - 8 rations


   Skills:
 * Level 6.6 Fighting
 * Level 7.5 Axes
 + Level 6.1 Armour
 + Level 5.0 Dodging
 + Level 6.1 Shields


You had 8 spell levels left.
You didn't know any spells.
Your spell library was empty.

Dungeon Overview and Level Annotations

Branches:
Dungeon (7/15)             Temple (1/1) D:7

Altars:
Cheibriados
Dithmenos
Elyvilon
Fedhas
Gozag
Hepliaklqana
Kikubaaqudgha
Nemelex Xobeh
Okawaru
Qazlal
Ru
Sif Muna
Trog
Vehumet
Wu Jian
Xom
Yredelemnul
Zin
The Shining One

Shops:
D:5 [

Annotations:
D:4 3 runed translucent doors, EnegeticOcto's ghost, amateur DDFi
D:6 3 runed translucent doors, Nefarium's ghost, novice GrEE


Innate Abilities, Weirdness & Mutations

You are resistant to damage.
You can heal yourself by infusing magical energy.
You passively map the area around you.
You do not regenerate.


Message History

You hear some strange, mumbled words.
A magic dart appears from out of thin air!
The magic dart hits you.
You fail to use your ability.
Something hits you but does no damage. You block the orc warrior's attack.
Your shield and chain mail prevent you from hitting the orc warrior.
The orc warrior is heavily wounded.
You closely miss something. Something hits you but does no damage.
You block the orc warrior's attack.
Your shield prevents you from hitting the orc warrior.
The orc warrior is heavily wounded.
You closely miss something. Something hits you but does no damage.
The orc warrior hits you with a +0 dire flail!
* * * LOW HITPOINT WARNING * * *
You are too injured to fight recklessly!
You are too injured to fight recklessly!
You are too injured to fight recklessly!
You are too injured to fight recklessly!
You are too injured to fight recklessly!
You are too injured to fight recklessly!
You are too injured to fight recklessly!
You are too injured to fight recklessly!
You are too injured to fight recklessly!
Your magical essence is drained by the effort!
You feel much better. Something hits you but does no damage.
The orc warrior hits you with a +0 dire flail.
You feel much better. Something hits you but does no damage.
You block the orc warrior's attack.
You hit the orc warrior.
The orc warrior is heavily wounded.
You slash something!
Reactivating autopickup.
You feel a bit more experienced. The orc warrior barely misses you.
You barely miss the orc warrior.
The orc warrior is heavily wounded.
The orc warrior completely misses you.
Your shield and chain mail prevent you from hitting the orc warrior.
The orc warrior is heavily wounded.
You block the orc warrior's attack.
You hit the orc warrior but do no damage.
The orc warrior is heavily wounded.
You block the orc warrior's attack.
Your shield prevents you from hitting the orc warrior.
The orc warrior is heavily wounded.
You block the orc warrior's attack.
You hit the orc warrior but do no damage.
The orc warrior is heavily wounded.
You block the orc warrior's attack.
You closely miss the orc warrior.
The orc warrior is heavily wounded.
The orc warrior hits you with a +0 dire flail!
You hit the orc warrior.
The orc warrior is severely wounded.
The orc warrior hits you with a +0 dire flail.
You slash the orc warrior!
You kill the orc warrior!
Your Dodging skill increases to level 5!
No target in view!
No target in view!
No target in view!
No target in view!
No target in view!
No target in view!
No target in view!
No target in view!
No target in view!
Things that are here:
a +0 dire flail; a +0 plate armour
n - a +0 plate armour You start removing your armour.
You continue taking off your +0 chain mail. x4
You finish taking off your +0 chain mail.
You start putting on your armour.
You continue putting on your +0 plate armour. x5
You finish putting on your +0 plate armour.
Drop what? 23/52 slots (_ for help) (? for menu, Esc to quit)
You drop a +0 chain mail.
Found a staircase to the Ecumenical Temple.
Found 10 gold pieces.
A howler monkey comes into view.
There is a staircase to the Ecumenical Temple here.
You climb downwards.
Welcome to the Ecumenical Temple!
Found a sparkling altar of Nemelex Xobeh.
There is a staircase back to the Dungeon here.
Found a sacrificial altar of Ru and a glowing silver altar of Zin.
Found a hazy altar of Hepliaklqana.
Found a bloodstained altar of Trog.
Found an opulent altar of Gozag and a glowing golden altar of the Shining One.
Found a shimmering altar of Xom.
Found a shimmering blue altar of Sif Muna.
There is a shimmering altar of Xom here.
Found an ancient bone altar of Kikubaaqudgha.
There is a shimmering blue altar of Sif Muna here.
Found an iron altar of Okawaru.
Found a shadowy altar of Dithmenos.
Found a snail-covered altar of Cheibriados.
Found a blossoming altar of Fedhas.
Found a stormy altar of Qazlal.
Done exploring.
Are you sure you want to abandon this character and quit the game? (Confirm with "yes".)

##### #...#
#####._.#####
#...#...#...#
#####._......._.#
#...#...#####...#
#####._....##...##...
#...#...#####._.#####
#._.@..##...........#
#...#...#._.#####._.#
#####._.....#...#....
#...##.##._.##.##
#####...#...#...#
#._......._.#
#...##.##...#
#####...##### #.<.#


There were no monsters in sight!

Vanquished Creatures
  A two-headed ogre (D:6)
  A troll (D:5)
  2 orc warriors
  4 ogres
  A bullfrog (D:6)
  A gnoll sergeant (D:4)
  3 howler monkeys
  2 crimson imps (D:5)
  3 hounds
  A centaur skeleton (D:5)
  A centaur zombie (D:5)
  2 jellies (D:6)
  An orc priest (D:5)
  6 orc wizards
  Ijyb (D:3)
  4 worker ants
  5 gnolls (D:4)
  5 adders
  An ooze (D:5)
  An adder skeleton (D:6)
  2 worms
  A dart slug (D:4)
  6 leopard geckos
  17 orcs
  2 ball pythons (D:4)
  A goblin (D:1)
  A hobgoblin (D:3)
  12 jackals
  A kobold (D:2)
  A quokka (D:5)
  5 bats
  2 frilled lizards
  A leopard gecko zombie (D:4)
  A quokka skeleton (D:5)
  2 rats
101 creatures vanquished.

Notes
Turn   | Place    | Note
-------+----------+-------------------------------------------
     0 | D:1      | EnegeticOcto the Deep Dwarf Fighter began the quest for the
                  | Orb.
     0 | D:1      | Reached XP level 1. HP: 20/20 MP: 1/1
   163 | D:2      | Reached XP level 2. HP: 25/27 MP: 2/2
   199 | D:2      | Reached XP level 3. HP: 32/34 MP: 2/2
   298 | D:3      | Noticed Ijyb
   325 | D:3      | Killed Ijyb
   325 | D:3      | Reached skill level 3 in Axes
   325 | D:3      | Reached skill level 1 in Dodging
   373 | D:3      | Reached XP level 4. HP: 38/42 MP: 3/3
   395 | D:4      | Found a runed translucent gate.
   395 | D:4      | Found a runed translucent gate.
   400 | D:4      | Found a runed translucent gate.
   400 | D:4      | Noticed EnegeticOcto's ghost (amateur DDFi)
   416 | D:4      | Noticed an ogre
   432 | D:4      | Killed an ogre
   432 | D:4      | Reached XP level 5. HP: 48/49 MP: 3/3
   579 | D:4      | Reached skill level 4 in Axes
   579 | D:4      | Reached XP level 6. HP: 37/57 MP: 4/4
   636 | D:4      | Found a basalt altar of Yredelemnul.
   885 | D:4      | Reached XP level 7. HP: 56/66 MP: 4/4
  1133 | D:5      | Entered Level 5 of the Dungeon
  1186 | D:5      | Reached skill level 5 in Axes
  1231 | D:5      | Found a white marble altar of Elyvilon.
  1260 | D:5      | Noticed a troll
  1271 | D:5      | Killed a troll
  1271 | D:5      | Reached skill level 5 in Fighting
  1294 | D:5      | Reached skill level 5 in Armour
  1310 | D:5      | Reached skill level 5 in Shields
  1310 | D:5      | Reached XP level 8. HP: 39/74 MP: 5/5
  1355 | D:5      | Found Hoimeg's Armour Emporium.
  1386 | D:5      | Found a radiant altar of Vehumet.
  1403 | D:5      | Reached skill level 6 in Axes
  1507 | D:5      | Found an ornate altar of the Wu Jian Council.
  1738 | D:6      | Noticed a two-headed ogre
  1770 | D:6      | Killed a two-headed ogre
  1770 | D:6      | Reached skill level 7 in Axes
  1791 | D:6      | Gained mutation: You passively map the area around you.
                  | [Deep Dwarf growth]
  1791 | D:6      | Reached XP level 9. HP: 62/84 MP: 3/3
  1952 | D:6      | Noticed Nefarium's ghost (novice GrEE)
  2034 | D:6      | Found a runed translucent gate.
  2034 | D:6      | Found a runed translucent gate.
  2034 | D:6      | Found a runed translucent gate.
  2681 | D:7      | Reached skill level 5 in Dodging
  2698 | D:7      | Found a staircase to the Ecumenical Temple.
  2707 | Temple   | Entered the Ecumenical Temple
  2750 | Temple   | Quit the game

Levels and vault maps discovered:
D:1:      dpeg_arrival_pond, layout_basic
D:2:      lemuel_upstairs_altar, layout_loops_ring,
          gammafunk_temple_overflow_wave
D:3:      layout_loops_ring, first_ration, uniq_ijyb
D:4:      layout_rooms, nicolae_overflow_hidden_temple,
          gammafunk_ghost_necromancy, lightli_minifort
D:5:      layout_cave_pools, vehumet_crystals, elyvilon_altar_1,
          marbit_many_paths, serial_shops, shop
D:6:      layout_basic, gammafunk_ghost_icy, grunt_decor_one_mirror,
          kennysheep_generic_room_9
D:7:      layout_cave_pods, lemuel_round_altar, minmay_temple_entry_junction_2,
          grunt_livestock, hangedman_minor_gate_pass
Temple:   eino_wide_crystal_templ

Skill      XL: |  1  2  3  4  5  6  7  8  9 |
---------------+----------------------------+-----
Fighting       | 3 4 5 6 |  6.6
Axes           | 3 4 5 7 |  7.5
Dodging        | 1 2 3 4 5 |  5.0
Armour         | 4 5 6 |  6.1
Shields        | 4 5 6 |  6.1

Action                   |  1- 3 |  4- 6 |  7- 9 || total
-------------------------+-------+-------+-------++-------
Melee: War axe           |    83 |   110 |   234 ||   427
 Abil: Heal Wounds       |     1 |     6 |    19 ||    26
  Use: Scroll            |       |       |     1 ||     1
  Eat: Chunk             |       |     1 |     4 ||     5
Armor: Scale mail        |    49 |    24 |       ||    73
       Skin              |     3 |       |       ||     3
       Chain mail        |       |    28 |   121 ||   149
Dodge: Dodged            |    30 |    33 |    92 ||   155
Block: Kite shield       |    55 |    65 |   150 ||   270

Table legend:
 A = Non-vault XP
 B = Vault XP
 C = Vault XP percentage of total XP
 D = Non-vault monster count
 E = Vault monster count
 F = Vault count percentage of total count
                 A         B        C        D         E       F
            +---------+---------+-------+---------+---------+-------
      Total |    3171 |     231 |   6.8 |      93 |       8 |   7.9
            +---------+---------+-------+---------+---------+-------
        D:1 |       6 |       0 |   0.0 |       4 |       0 |   0.0
        D:2 |      36 |       0 |   0.0 |       7 |       0 |   0.0
        D:3 |      29 |      36 |  55.4 |       9 |       1 |  10.0
        D:4 |     489 |     154 |  24.0 |      21 |       6 |  22.2
        D:5 |     997 |      41 |   3.9 |      26 |       1 |   3.7
        D:6 |    1443 |       0 |   0.0 |      22 |       0 |   0.0
        D:7 |     171 |       0 |   0.0 |       4 |       0 |   0.0
            +---------+---------+-------+---------+---------+-------
